Map: Prion Terraces

Players

ReGoR

  • Race: Zerg Zerg

SirRobin - Winner!

  • Race: Zerg Zerg
  • League: Platinum

Event: Gauntlet LotV Series 1 Qualifier 2

VOD

Have the link to the VOD?

Description

Time

  • Played on: Dec. 5, 2015, 1:36 p.m.
  • Length: 5:03

All games in this series

Show
View Real Time Build Order
Export as new Build Order

ReGoR Zerg 

Build Orders: Pool First 

Get SALT Encoding   

  12  0:01  Drone  
  13  0:09  Drone  
  14  0:15  Extractor  
  14  0:16  Drone  
  14  0:33  Spawning Pool  
  13  0:36  Drone  
  14  0:45  Overlord  
  14  0:53  Drone, Extractor  
  15  1:19  Metabolic Boost, Queen  
  15  1:22  Zergling x2  
  15  1:24  Zergling x2  
  19  1:29  Zergling x2  
  20  1:39  Baneling Nest  
  19  1:41  Zergling x2  
  19  1:45  Zergling x2  
  21  1:54  Zergling x2  
  22  2:05  Overlord  
  22  2:22  Baneling x3  
  22  2:27  Zergling x8  
  26  2:34  Zergling x2  
  27  2:37  Baneling  
  27  2:46  Drone  
  27  2:59  Drone  
  24  3:07  Hatchery  
  24  3:12  Drone x2  
  25  3:19  Drone x2  
  25  3:30  Drone  
  25  3:32  Overlord  
  26  3:43  Zergling x2  
  27  3:51  Baneling  
  27  3:54  Zergling x6  
  30  3:59  Zergling x2  
  27  4:11  Zergling x2  
  27  4:19  Zergling x4  
  28  4:25  Zergling x6  
  30  4:32  Zergling x4  
Show
View Real Time Build Order
Export as new Build Order

SirRobin Zerg - Winner!

Build Orders: Hatch First 

Get SALT Encoding   

  12  0:01  Drone  
  13  0:08  Drone  
  14  0:16  Overlord  
  14  0:23  Drone, Extractor  
  15  0:35  Drone x2  
  17  0:53  Hatchery  
  17  0:55  Drone  
  17  0:58  Drone  
  18  1:10  Spawning Pool  
  17  1:12  Extractor  
  17  1:16  Drone  
  17  1:18  Drone  
  18  1:28  Drone  
  19  1:39  Overlord  
  19  1:49  Drone  
  20  1:57  Queen  
  20  1:59  Drone  
  23  2:05  Queen  
  23  2:06  Drone  
  26  2:10  Drone  
  27  2:16  Metabolic Boost  
  27  2:18  Drone  
  28  2:23  Drone  
  28  2:28  Zergling x2  
  30  2:32  Queen  
  30  2:33  Zergling x2  
  33  2:38  Baneling Nest  
  33  2:40  Spine Crawler  
  33  2:41  Zergling x2  
  32  2:47  Zergling x2  
  31  2:59  Zergling x4  
  31  3:05  Zergling x4  
  30  3:10  Zergling x2  
  27  3:15  Zergling x6  
  27  3:16  Zergling x2  
  29  3:25  Baneling x2  
  29  3:31  Drone  
  30  3:36  Baneling  
  30  3:44  Drone  
  30  3:45  Drone  
  32  3:49  Drone  
  32  4:14  Zergling x14  
  35  4:29  Overlord  
  32  4:48  Drone x4  
Tags
 
Add a new tag
Caveats
  • Supply blocks, unpowered buildings, or Contaminate may cause inaccurate times.
  • Supply counts are checked every 10 seconds.